 Dungeon Sprint DCSS version 0.20.1-1-g8b1a95d (console) character file.

119872 hilaritas the Conqueror (level 16, -88/200 HPs)
             Began as a Deep Dwarf Fighter on Mar 5, 2018.
             Was the Champion of the Shining One.
             Annihilated by an iron giant (glowing shapeshifter) (139 damage)
             ... in the Dungeon (Sprint V: "Ziggurat Sprint").
             The game lasted 00:40:22 (2183 turns).

hilaritas the Conqueror (Deep Dwarf Fighter)        Turns: 2183, Time: 00:40:22

Health: -88/200    AC: 50    Str: 47    XL:     16   Next: 28%
Magic:  0/17       EV: 10    Int: 13    God:    the Shining One [******]
Gold:   0          SH:  0    Dex: 12    Spells: 4/28 levels left

rFire    + . .     SeeInvis .   D - +7 eudemon blade (holy)
rCold    + . .     Gourm    .   C - +18 shield of the Gong {rElec rN+ MR+ EV-5}
rNeg     + + +     Faith    .   l - +12 gold dragon scales
rPois    +         Spirit   .   Z - +2 helmet of Vaosouru {rElec MR+ rCorr Int+3}
rElec    +         Reflect  .   G - +0 cloak
rCorr    +         Harm     +   w - +3 pair of gauntlets of War {Slay+5}
MR       +++++     NoTele   +   (no boots)
Stlth    ..........             T - amulet "Eskis" {Harm *Drain MR+ Str+4 Slay+3 Stlth-}
Regen    0.0/turn               y - +6 ring of strength
MPRegen  0.2/turn               z - +6 ring of strength

@: mighty, divine shield, sleeping, non-regenerating, hasted, glowing
A: damage resistance, heal wounds, low mp 1, negative energy resistance 1, sense
surroundings 2, no regeneration
a: Heal Wounds, Divine Shield, Cleansing Flame, Summon Divine Warrior, Renounce
Religion


You were in the Dungeon.
You worshipped the Shining One.
The Shining One was exalted by your worship.
You were not hungry.

You visited 1 branch

Inventory:

Hand Weapons
 m - a +2 scimitar of flaming
 D - a +7 eudemon blade of holy wrath (weapon)
 E - a +5 double sword of freezing
Armour
 l - +12 gold dragon scales (worn)
 w - the +3 pair of gauntlets of War (worn) {Slay+5}
   (You found it in the Dungeon)

   It affects your accuracy and damage with ranged weapons and melee attacks
   (+5).
 C - the +18 shield of the Gong (worn) {rElec rN+ MR+ EV-5}
   (You found it in the Dungeon)

   It affects your evasion (-5).
   It insulates you from electricity.
   It protects you from negative energy.
   It affects your resistance to hostile enchantments.
 G - a +0 cloak (worn)
 Z - the +2 helmet of Vaosouru (worn) {rElec MR+ rCorr Int+3}
   (You found it in the Dungeon)

   It affects your intelligence (+3).
   It insulates you from electricity.
   It affects your resistance to hostile enchantments.
   It protects you from acid and corrosion.
Jewellery
 c - the ring "Racri" {rC+ rN+ MR+}
   (You found it in the Dungeon)

   [ring of positive energy]

   It protects you from cold.
   It protects you from negative energy.
   It affects your resistance to hostile enchantments.
 o - the ring "Kiqir" {Wiz rElec Dex+4 Stlth+}
   (You found it in the Dungeon)

   [ring of wizardry]

   It improves your spell success rate.
   It affects your dexterity (+4).
   It insulates you from electricity.
   It makes you more stealthy.
 v - a +6 ring of dexterity
 x - a +6 ring of intelligence
 y - a +6 ring of strength (left hand)
 z - a +6 ring of strength (right hand)
 A - an uncursed ring of flight
 R - the amulet "Cihuurin" {Reflect rElec Int+4 SH+6}
   (You found it in the Dungeon)

   [amulet of reflection]

   It shields you and reflects attacks.
   It affects your intelligence (+4).
   It insulates you from electricity.
   It affects your SH (+6).
 T - the amulet "Eskis" (around neck) {Harm *Drain MR+ Str+4 Slay+3 Stlth-}
   (You took it off an orc warrior in the Dungeon)

   [amulet of harm]

   It increases damage dealt and taken.
   It affects your strength (+4).
   It affects your accuracy and damage with ranged weapons and melee attacks
   (+3).
   It affects your resistance to hostile enchantments.
   It causes draining when unequipped.
   It makes you less stealthy.
 V - an uncursed ring of protection from fire
 W - a +6 ring of protection
Wands
 q - a wand of disintegration (3/24)
 r - a wand of iceblast (5/15)
 s - a wand of lightning (1/15)
 t - a wand of acid (5/15)
Scrolls
 a - a scroll of enchant armour
 k - 4 scrolls of blinking
 H - 4 scrolls of recharging
 I - 7 scrolls of fog
 J - 2 scrolls of holy word
 K - 5 scrolls of identify
 L - 5 scrolls of remove curse
 M - 2 scrolls of fear
Potions
 b - 3 potions of brilliance
 d - 5 potions of might
 e - 9 potions of curing
 g - 6 potions of heal wounds
 h - 7 potions of haste
 i - 5 potions of magic
 j - 3 potions of berserk rage
 n - 4 potions of resistance
 p - 4 potions of agility
Books
 P - a book of Maledictions

   Spells                             Type                      Level
   a - Corona                         Hexes                        1
   b - Ensorcelled Hibernation        Hexes/Ice                    2
   c - Confuse                        Hexes                        3
   d - Tukima's Dance                 Hexes                        3
   e - Dazzling Spray                 Conjuration/Hexes            3
 S - the Almanac of Supportive Beguiling
   (You found it in the Dungeon)

   Spells                             Type                      Level
   a - Spectral Weapon                Hexes/Charms                 3
   b - Summon Ice Beast               Ice/Summoning                4
   c - Silence                        Hexes/Air                    5
   d - Discord                        Hexes                        8
Miscellaneous
 B - a lightning rod (4/4)
 F - a phial of floods
 Q - a fan of gales
 U - 4 boxes of beasts
 X - a sack of spiders
 Y - a phantom mirror
Comestibles
 f - 5 bread rations
 u - 2 chunks of flesh
 N - 42 fruits
 O - 4 meat rations


   Skills:
 O Level 27 Fighting
 - Level 16.2 Long Blades
 O Level 27 Armour
 * Level 11.9 Dodging
 + Level 18.5 Shields
 * Level 6.5 Spellcasting
 - Level 15.1 Invocations
 * Level 9.9 Evocations


You had 4 spell levels left.
You knew the following spells:

 Your Spells              Type           Power        Failure   Level  Hunger
a - Swiftness             Chrm/Air       #.......     58%         2    #......
b - Deflect Missiles      Chrm/Air       #.........   100%        6    #######
c - Apportation           Tloc           #.....       43%         1    None
d - Summon Small Mammal   Summ           #...         43%         1    None
e - Blink                 Tloc           N/A          58%         2    #......
f - Controlled Blink      Tloc           N/A          100%        8    #######
g - Summon Ice Beast      Ice/Summ       #.......     99%         4    ####...


Dungeon Overview and Level Annotations

Branches:
Dungeon (1/1)

Altars:
Ashenzari
Cheibriados
Dithmenos
Elyvilon
Fedhas
Gozag
Hepliaklqana
Kikubaaqudgha
Makhleb
Nemelex Xobeh
Okawaru
Qazlal
Ru
Sif Muna
Trog
Uskayaw
Vehumet
Xom
Yredelemnul
Zin
The Shining One
Beogh
Jiyva
Lugonu

Annotations:
D Maurice


Innate Abilities, Weirdness & Mutations

You are resistant to damage.
You can heal yourself by infusing magical energy.
You resist negative energy. (rN+)
You passively map the area around you.
You do not regenerate.
Your magical capacity is low. (-10% MP)


Message History

You slash the titan!
The titan is almost dead.
You block the acid blob's attack.
GONNNNG!
You block the spark wasp's attack.
GONNNNG!
You block the acid blob's attack.
GONNNNG!
The golden dragon rages.
You slice the titan!!
You kill the titan!
The eye of devastation changes into an elephant!
The golden dragon changes into an alligator snapping turtle!
The shock serpent changes into a deep troll!
The iron dragon changes into a shadow dragon!
The dream sheep shakes its wool and sparkles.
You feel drowsy...
You fall asleep.
The iron giant hits you!!!!
Ouch! That really hurt!
You die...

▓▓▓▓▓▓▓▓▓▓▓▓▓▓▓▓▓ ▓▓▓▓▓▓▓▓▓
, , ©8, ,, ▓......8© , ,
,▓..:.}=.|
..)::=|":|}=}}"..▓..=[..|.
*..|?)))[))))=[}..▓....=[))
............)....▓........
.......Y.........▓........
.......H.h.s.....▓........
.......yYCD†.....▓....[...
.......mJCJt.....▓........
.......DD@yT.....▓........
*.......tCJ.......▓........
....▓....m.A▓....▓........
*... ▓▓.....▓▓ ...▓††......
*....▓.......▓....▓††††....
,............... ▓.††.....
...............,▓▓▓▓▓▓▓▓▓
..............., ,,
▓▓▓▓▓▓▓▓▓▓▓▓▓▓▓ ≈ ≈ *,, ≈≈
≈≈ * , , , ,, , ≈


You could see an iron giant shaped shifter, a juggernaut shaped shifter, an
alligator snapping turtle shaped shifter, a shadow dragon shaped shifter, an
iron dragon shaped shifter, a titan shaped shifter, 3 acid blob shaped shifters,
an elephant shaped shifter, a swamp dragon shaped shifter, a spark wasp shaped
shifter, 2 merfolk shaped shifters, a deep troll shaped shifter, a fire crab
shaped shifter, a moth of wrath shaped shifter, an orb spider shaped shifter, a
raiju shaped shifter, a dream sheep shaped shifter, a friendly daeva and a
friendly mature shockbat beast.

Vanquished Creatures
  Asmodeus (D)
  Mara (D)
  3 deep elf blademasters (D)
  A deep elf master archer (D)
  A titan (shapeshifter) (D)
  Polyphemus (D)
  A sphinx (shapeshifter) (D)
  Kirke (D)
  Chuck (D)
  A shadow dragon (shapeshifter) (D)
  A deep elf sorcerer (D)
  2 frost giants (D)
  A vault warden (D)
  A frost giant (shapeshifter) (D)
  An iron dragon (shapeshifter) (D)
  2 orc warlords (D)
  2 angels (D)
  A very ugly thing (D)
  A stone giant (shapeshifter) (D)
  An ophan (D)
  2 stone giants (D)
  A vampire knight (D)
  An entropy weaver (shapeshifter) (D)
  Azrael (D)
  3 deep elf annihilators (D)
  A spark wasp (shapeshifter) (D)
  A minotaur (shapeshifter) (D)
  7 deep elf high priests (D)
  A yaktaur captain (D)
  A hydra (D)
  2 vault guards (D)
  3 naga warriors (D)
  A centaur warrior (D)
  4 two-headed ogres (D)
  A queen ant (shapeshifter) (D)
  A two-headed ogre (shapeshifter) (D)
  3 dancing weapons (D)
  2 vampire magi (D)
  A small abomination (D)
  5 deep elf knights (D)
  3 soul eaters (D)
  Nergalle (D)
  A hell knight (D)
  A skeletal warrior (D)
  A deep troll (shapeshifter) (D)
  2 spriggan druids (D)
  A glowing orange brain (D)
  A glowing orange brain (shapeshifter) (D)
  2 necromancers (D)
  5 deep elf archers (D)
  4 deep elf magi (D)
  An oklob plant (D)
  A wolf spider (shapeshifter) (D)
  3 orc knights (D)
  A manticore (shapeshifter) (D)
  A mana viper (shapeshifter) (D)
  2 cyclopes (D)
  A salamander (shapeshifter) (D)
  An elephant (shapeshifter) (D)
  2 guardian serpents (D)
  A naga mage (D)
  An eye of devastation (shapeshifter) (D)
  An eye of devastation (D)
  4 black mambas (D)
  4 spiny frogs (D)
  A spiny frog (shapeshifter) (D)
  A rime drake (D)
  A yaktaur (shapeshifter) (D)
  A yaktaur (D)
  A hellion (D)
  3 komodo dragons (D)
  2 tormentors (D)
  A freezing wraith (D)
  A meliai (shapeshifter) (D)
  A red devil (D)
  A jumping spider (shapeshifter) (D)
  11 trolls (D)
  2 hornets (D)
  A tyrant leech (shapeshifter) (D)
  2 dream sheep (shapeshifter) (D)
  2 slime creatures (D)
  A dream sheep (D)
  An air elemental (D)
  Sigmund (D)
  A tarantella (shapeshifter) (D)
  A yak (D)
  5 shadows (D)
  4 spriggans (D)
  A hog (shapeshifter) (D)
  A yak (shapeshifter) (D)
  A fire elemental (D)
  A golden eye (D)
  3 steam dragons (D)
  A swamp worm (shapeshifter) (D)
  A naga (D)
  5 water moccasins (D)
  A floating eye (shapeshifter) (D)
  A floating eye (D)
  4 porcupines (D)
  Duvessa (D)
  2 necrophages (D)
  2 swamp drakes (D)
  2 orc warriors (D)
  2 black bears (D)
  An eye of draining (shapeshifter) (D)
  An ogre (D)
  A boggart (shapeshifter) (D)
  4 crocodiles (D)
  Blork the orc (D)
  A bullfrog (shapeshifter) (D)
  A bullfrog (D)
  An earth elemental (D)
  Dowan (D)
  A wight (D)
  An orc priest (D)
  A jelly (D)
  Crazy Yiuf (D)
  Jessica (D)
  3 adders (D)
  An ooze (D)
  2 spectral adders (D)
  6 adder skeletons (D)
  2 adder zombies (D)
  A leopard gecko (shapeshifter) (D)
  An orc (shapeshifter) (D)
  2 orcs (D)
  2 spectral bats (D)
  A ball python (shapeshifter) (D)
  4 bat skeletons (D)
  5 bat zombies (D)
  A quokka (shapeshifter) (D)
  5 ball pythons (D)
  A ball python skeleton (D)
  2 ball python zombies (D)
  4 giant cockroach zombies (D)
  A jackal skeleton (D)
  A jackal zombie (D)
  A leopard gecko zombie (D)
  2 quokka skeletons (D)
  A spectral giant cockroach (D)
  A spectral jackal (D)
  A spectral leopard gecko (D)
  A spectral quokka (D)
  A crawling corpse (D)
258 creatures vanquished.

Vanquished Creatures (collateral kills)
  Sojobo (D)
  Geryon (D)
  2 pearl dragons (D)
  A titan (shapeshifter) (D)
  Murray (D)
  An angel (D)
  A dancing weapon (D)
  A deep elf knight (D)
  A lindwurm (shapeshifter) (D)
  A deep elf mage (D)
  A queen bee (shapeshifter) (D)
  A hippogriff (shapeshifter) (D)
  A redback (shapeshifter) (D)
  A basilisk (shapeshifter) (D)
  A human (shapeshifter) (D)
  2 adders (shapeshifter) (D)
  A rat (shapeshifter) (D)
19 creatures vanquished.

Vanquished Creatures (others)
  Margery (D)
  Donald (D)
  Roxanne (D)
  Urug (D)
  Joseph (D)
  Psyche (D)
  Ijyb (D)
7 creatures vanquished.

Grand Total: 284 creatures vanquished

Notes
Turn   | Place    | Note
-------+----------+-------------------------------------------
     0 | D        | hilaritas the Deep Dwarf Fighter began the quest for the Orb.
     0 | D        | Reached XP level 1. HP: 20/20 MP: 1/1
    16 | D        | Found a deep blue altar of Sif Muna.
    16 | D        | Found a sacrificial altar of Ru.
    16 | D        | Found a bloodstained altar of Trog.
    16 | D        | Found a stormy altar of Qazlal.
    16 | D        | Found an iron altar of Okawaru.
    16 | D        | Found a sparkling altar of Nemelex Xobeh.
    16 | D        | Found a blossoming altar of Fedhas.
    22 | D        | Found a corrupted altar of Lugonu.
    22 | D        | Found an ancient bone altar of Kikubaaqudgha.
    22 | D        | Found a burning altar of Makhleb.
    22 | D        | Found a transporter.
    22 | D        | Found a viscous altar of Jiyva.
    22 | D        | Found a hazy altar of Hepliaklqana.
    46 | D        | Found an opulent altar of Gozag.
    88 | D        | Became a worshipper of the Shining One
    95 | D        | Reached XP level 2. HP: 27/27 MP: 2/2
   106 | D        | Entered arena 2.
   106 | D        | Found a transporter.
   115 | D        | Entered arena 3.
   115 | D        | Noticed a water moccasin
   115 | D        | Reached * piety under the Shining One
   115 | D        | Found a transporter.
   119 | D        | Killed a water moccasin
   119 | D        | Reached XP level 3. HP: 37/37 MP: 2/6
   119 | D        | Reached XP level 4. HP: 45/45 MP: 2/7
   122 | D        | Reached XP level 5. HP: 51/51 MP: 2/8
   215 | D        | Entered arena 4.
   215 | D        | Reached ** piety under the Shining One
   215 | D        | Noticed a necrophage
   215 | D        | Found a transporter.
   220 | D        | Killed a necrophage
   220 | D        | Reached *** piety under the Shining One
   220 | D        | Reached skill level 5 in Fighting
   220 | D        | Reached skill level 5 in Invocations
   230 | D        | Identified the Compendium of the Wasp (You found it in the Dungeon)
   230 | D        | Identified the Compendium of the Wasp (You found it in the Dungeon)
   233 | D        | Learned a level 2 spell: Swiftness
   239 | D        | Killed Roxanne
   243 | D        | Entered arena 5.
   243 | D        | Noticed a water moccasin
   243 | D        | Noticed a water moccasin
   243 | D        | Reached **** piety under the Shining One
   243 | D        | Noticed a water moccasin
   243 | D        | Found a transporter.
   249 | D        | Killed a water moccasin
   249 | D        | Reached XP level 6. HP: 62/62 MP: 10/10
   251 | D        | Killed a water moccasin
   253 | D        | Killed a water moccasin
   253 | D        | Reached XP level 7. HP: 69/69 MP: 12/12
   264 | D        | Got the amulet "Qoecropo" {Inacc rC+}
   270 | D        | Entered arena 6.
   270 | D        | Noticed a morningstar of protection
   270 | D        | Noticed a deep elf archer
   270 | D        | Noticed a deep elf archer
   270 | D        | Noticed an air elemental
   270 | D        | Reached ***** piety under the Shining One
   270 | D        | Noticed a deep elf mage
   270 | D        | Found a transporter.
   282 | D        | Killed an air elemental
   282 | D        | Reached skill level 10 in Long Blades
   287 | D        | Killed a deep elf mage
   287 | D        | Reached skill level 10 in Shields
   287 | D        | Reached XP level 8. HP: 20/78 MP: 12/14
   287 | D        | HP: 3/78 [morningstar of protection (10)]
   301 | D        | HP: 5/78 [deep elf archer/arrow (21)]
   305 | D        | Killed a deep elf archer
   305 | D        | Reached skill level 10 in Invocations
   305 | D        | The Shining One protects you from harm!
   313 | D        | Killed a deep elf archer
   313 | D        | Gained mutation: You passively map the area around you. [Deep Dwarf growth]
   313 | D        | Reached XP level 9. HP: 17/88 MP: 15/17
   322 | D        | The Shining One protects you from harm!
   323 | D        | Killed a morningstar of protection
   343 | D        | Entered arena 7.
   343 | D        | Noticed Sigmund
   343 | D        | Noticed Jessica
   343 | D        | Noticed Blork the orc
   343 | D        | Noticed Crazy Yiuf
   343 | D        | Noticed Dowan
   343 | D        | Noticed Duvessa
   344 | D        | Found a transporter.
   348 | D        | Killed Crazy Yiuf
   350 | D        | Killed Jessica
   354 | D        | Killed Duvessa
   358 | D        | Killed Dowan
   363 | D        | Killed Sigmund
   366 | D        | Killed Blork the orc
   382 | D        | Identified the Handbook of the Entourage (You found it in the Dungeon)
   388 | D        | Entered arena 8.
   388 | D        | Noticed a rime drake
   396 | D        | Killed a rime drake
   405 | D        | Found a transporter.
   412 | D        | Reached skill level 15 in Shields
   429 | D        | Learned a level 6 spell: Deflect Missiles
   436 | D        | Entered arena 9.
   436 | D        | Reached ****** piety under the Shining One
   436 | D        | Noticed an eye of devastation
   438 | D        | Found a transporter.
   438 | D        | Paralysed by a floating eye for 2 turns
   442 | D        | Reached XP level 10. HP: 79/102 MP: 13/19
   442 | D        | Reached skill level 10 in Fighting
   443 | D        | Identified a +7 eudemon blade of holy wrath (a +5 demon blade blessed by the Shining One)
   443 | D        | Received a gift from the Shining One
   446 | D        | Killed an eye of devastation
   463 | D        | Identified the Almanac of Supportive Beguiling (You found it in the Dungeon)
   465 | D        | Identified the Almanac of Supportive Beguiling (You found it in the Dungeon)
   506 | D        | Entered arena 10.
   506 | D        | Noticed a spriggan rider
   506 | D        | Noticed a spriggan rider
   506 | D        | Noticed a spriggan druid
   506 | D        | Noticed a spriggan druid
   516 | D        | Killed a spriggan druid
   523 | D        | Killed a spriggan druid
   533 | D        | Found a transporter.
   541 | D        | Killed a spriggan rider
   541 | D        | Reached skill level 5 in Dodging
   546 | D        | Reached skill level 10 in Armour
   580 | D        | Entered arena 11.
   580 | D        | Noticed a glowing orange brain
   580 | D        | Noticed a vault guard
   580 | D        | Noticed a green very ugly thing
   580 | D        | Noticed a vault guard
   580 | D        | Noticed a vault warden
   580 | D        | Noticed a yaktaur captain
   580 | D        | Noticed a centaur warrior
   582 | D        | Found a transporter.
   588 | D        | Killed a glowing orange brain
   589 | D        | Killed a vault guard
   589 | D        | Reached XP level 11. HP: 73/110 MP: 8/19
   593 | D        | Killed a vault guard
   593 | D        | Reached skill level 15 in Long Blades
   606 | D        | Killed a green very ugly thing
   607 | D        | Killed a yaktaur captain
   619 | D        | Killed a vault warden
   626 | D        | Killed a centaur warrior
   649 | D        | Got the amulet "Deifut" {Reflect *Slow rElec rN+ Dex+2 SH+2}
   657 | D        | Identified the Catalogue of Spatial Sinister Magic (You found it in the Dungeon)
   663 | D        | Killed Urug
   720 | D        | Entered arena 12.
   720 | D        | Noticed an orc warlord
   720 | D        | Noticed an orc warlord
   720 | D        | Noticed an orc knight
   721 | D        | Noticed an orc knight
   722 | D        | Noticed an orc knight
   751 | D        | Killed an orc warlord
   751 | D        | Reached skill level 15 in Armour
   753 | D        | Killed an orc warlord
   754 | D        | Killed an orc knight
   754 | D        | Reached XP level 12. HP: 63/127 MP: 9/18
   776 | D        | Got the amulet "Eskis" {Harm *Drain MR+ Str+4 Slay+3 Stlth-}
   780 | D        | Found a transporter.
   792 | D        | Identified the Reference Book on Attacks (You found it in the Dungeon)
   802 | D        | Learned a level 1 spell: Apportation
   804 | D        | Learned a level 1 spell: Summon Small Mammal
   811 | D        | Entered arena 13.
   851 | D        | Found a transporter.
   856 | D        | Reached skill level 15 in Fighting
   920 | D        | Killed Psyche
   937 | D        | Got the amulet "Hofric" {Spirit rPois rF+ Str-5}
   945 | D        | Identified Zedujetili's Guide on Fetching Boosts (You found it in the Dungeon)
   954 | D        | Entered arena 14.
   956 | D        | Noticed an eight-headed hydra
   972 | D        | Killed a four-headed hydra
   994 | D        | Found a transporter.
  1020 | D        | Got the ring of Subbuuwn {rElec SInv}
  1022 | D        | Identified Niumulel's Thorough Guide to Wizardry (You found it in the Dungeon)
  1022 | D        | Identified Niumulel's Thorough Guide to Wizardry (You found it in the Dungeon)
  1030 | D        | Entered arena 15.
  1031 | D        | Noticed an angel
  1031 | D        | Noticed an angel
  1032 | D        | Noticed a pearl dragon
  1032 | D        | Noticed a pearl dragon
  1032 | D        | Noticed an angel
  1034 | D        | Noticed an ophan
  1035 | D        | Found a transporter.
  1048 | D        | Killed a pearl dragon
  1049 | D        | Killed an ophan
  1050 | D        | Killed an angel
  1062 | D        | Killed a pearl dragon
  1066 | D        | Killed an angel
  1066 | D        | Reached XP level 13. HP: 32/146 MP: 2/18
  1078 | D        | Killed an angel
  1091 | D        | Got the +2 helmet of Vaosouru {rElec MR+ rCorr Int+3}
  1171 | D        | Entered arena 16.
  1199 | D        | Found a transporter.
  1212 | D        | Identified the Incunabulum of Destructive Transmutation (You found it in the Dungeon)
  1267 | D        | Entered arena 17.
  1273 | D        | Found a transporter.
  1290 | D        | Got the amulet "Cihuurin" {Reflect rElec Int+4 SH+6}
  1298 | D        | Got the ring of Qury Kucw {Wiz MR+ Int+3}
  1303 | D        | Identified Yseuh's Volume of Congealing Unholy Magic (You found it in the Dungeon)
  1357 | D        | Entered arena 18.
  1360 | D        | Noticed a vampire knight
  1363 | D        | Killed a vampire knight
  1378 | D        | Found a transporter.
  1405 | D        | Identified the Reference Book on Shifting Weightlessness (You found it in the Dungeon)
  1413 | D        | Learned a level 2 spell: Blink
  1425 | D        | Entered arena 19.
  1428 | D        | Noticed a frost giant
  1428 | D        | Noticed a stone giant
  1429 | D        | Noticed a stone giant
  1429 | D        | Noticed a frost giant
  1444 | D        | Killed a frost giant
  1452 | D        | Killed a frost giant
  1481 | D        | Killed a stone giant
  1481 | D        | Gained mutation: You resist negative energy. (rN+) [Deep Dwarf growth]
  1481 | D        | Reached XP level 14. HP: 101/168 MP: 18/18
  1491 | D        | Killed a stone giant
  1506 | D        | Found a transporter.
  1517 | D        | Identified the Papyrus of Earth and Summoning (You found it in the Dungeon)
  1543 | D        | Entered arena 20.
  1551 | D        | Found a transporter.
  1576 | D        | Got the ring "Racri" {rC+ rN+ MR+}
  1586 | D        | Identified Zosofef's Tome of the Traveller and Poison (You found it in the Dungeon)
  1594 | D        | Got the ring "Kiqir" {Wiz rElec Dex+4 Stlth+}
  1604 | D        | Entered arena 21.
  1604 | D        | Noticed Mara
  1604 | D        | Noticed Maurice
  1604 | D        | Noticed Geryon
  1605 | D        | Noticed hilaritas's illusion
  1606 | D        | Noticed Azrael
  1615 | D        | Noticed Asmodeus
  1615 | D        | Noticed Murray
  1615 | D        | Noticed Chuck
  1615 | D        | Noticed Ijyb
  1615 | D        | Noticed Margery
  1617 | D        | Noticed Polyphemus
  1617 | D        | Noticed Nergalle
  1617 | D        | Noticed Sojobo
  1617 | D        | Noticed Kirke
  1617 | D        | Killed Mara
  1618 | D        | Noticed Joseph
  1620 | D        | Killed Azrael
  1622 | D        | Noticed Donald
  1624 | D        | Killed Ijyb
  1637 | D        | Killed Margery
  1638 | D        | Killed Chuck
  1638 | D        | Killed Kirke
  1644 | D        | Killed Geryon
  1646 | D        | Noticed a balrug
  1647 | D        | Killed Nergalle
  1647 | D        | Killed Donald
  1647 | D        | Killed Joseph
  1653 | D        | Killed Polyphemus
  1653 | D        | Killed Murray
  1658 | D        | Killed Sojobo
  1667 | D        | Killed Asmodeus
  1667 | D        | Reached XP level 15. HP: 63/189 MP: 13/19
  1737 | D        | Found a transporter.
  1776 | D        | Identified the Guide on Intoxication and Stones (You found it in the Dungeon)
  1809 | D        | Entered arena 22.
  1813 | D        | Noticed a shard shrike
  1813 | D        | Noticed an iron giant
  1813 | D        | a stone giant changed into an iron giant
  1814 | D        | Noticed a juggernaut
  1814 | D        | Noticed a juggernaut
  1814 | D        | a shard shrike changed into a juggernaut
  1817 | D        | Noticed a shard shrike
  1817 | D        | a juggernaut changed into a shard shrike
  1819 | D        | Noticed a golden dragon
  1819 | D        | Noticed a titan
  1819 | D        | a shard shrike changed into a titan
  1824 | D        | Killed a titan
  1825 | D        | Noticed an acid blob
  1825 | D        | a golden dragon changed into an acid blob
  1828 | D        | Noticed a shadow dragon
  1828 | D        | an acid blob changed into a shadow dragon
  1830 | D        | Noticed an iron giant
  1831 | D        | Noticed a shadow dragon
  1831 | D        | an iron giant changed into a shadow dragon
  1832 | D        | Killed a shadow dragon
  1833 | D        | Noticed an acid blob
  1833 | D        | a shadow dragon changed into an acid blob
  1836 | D        | Noticed a golden dragon
  1836 | D        | an acid blob changed into a golden dragon
  1837 | D        | Noticed a caustic shrike
  1837 | D        | Noticed a shadow dragon
  1837 | D        | a caustic shrike changed into a shadow dragon
  1837 | D        | Noticed a sphinx
  1837 | D        | a golden dragon changed into a sphinx
  1848 | D        | a sphinx changed into a dire elephant
  1848 | D        | Reached skill level 27 in Fighting
  1849 | D        | Noticed a fire giant
  1849 | D        | a shadow dragon changed into a fire giant
  1857 | D        | a fire giant changed into a stone giant
  1858 | D        | Noticed a frost giant
  1858 | D        | a stone giant changed into a frost giant
  1860 | D        | Noticed a ghost moth
  1860 | D        | an ice dragon changed into a ghost moth
  1863 | D        | a ghost moth changed into a seven-headed hydra
  1866 | D        | Killed a frost giant
  1873 | D        | Noticed a ghost moth
  1873 | D        | an alligator changed into a ghost moth
  1875 | D        | a ghost moth changed into a spark wasp
  1895 | D        | Found a transporter.
  1987 | D        | Entered arena 23.
  1993 | D        | Noticed a deep elf master archer
  1993 | D        | Noticed a deep elf sorcerer
  1993 | D        | Noticed a deep elf blademaster
  1995 | D        | Noticed a deep elf blademaster
  1995 | D        | Noticed a deep elf blademaster
  1997 | D        | Found a transporter.
  2005 | D        | Killed a deep elf master archer
  2019 | D        | Killed a deep elf sorcerer
  2020 | D        | Reached skill level 27 in Armour
  2021 | D        | Reached skill level 1 in Spellcasting
  2021 | D        | Reached skill level 1 in Evocations
  2029 | D        | Killed a deep elf blademaster
  2030 | D        | Killed a deep elf blademaster
  2030 | D        | Reached skill level 10 in Dodging
  2030 | D        | Reached skill level 5 in Evocations
  2032 | D        | Reached XP level 16. HP: 153/200 MP: 13/21
  2038 | D        | Killed a deep elf blademaster
  2056 | D        | Reached skill level 5 in Spellcasting
  2056 | D        | Reached skill level 15 in Invocations
  2079 | D        | Learned a level 8 spell: Controlled Blink
  2084 | D        | Learned a level 4 spell: Summon Ice Beast
  2147 | D        | Entered arena 24.
  2153 | D        | Noticed a shard shrike
  2153 | D        | Noticed a shard shrike
  2153 | D        | a glowing shapeshifter changed into a shard shrike
  2153 | D        | Noticed a shard shrike
  2153 | D        | a glowing shapeshifter changed into a shard shrike
  2153 | D        | Gained mutation: Your magical capacity is low. (-10% MP) [a shining eye]
  2154 | D        | Noticed a titan
  2154 | D        | Noticed a titan
  2154 | D        | a shard shrike changed into a titan
  2155 | D        | Noticed an acid blob
  2155 | D        | Noticed a juggernaut
  2155 | D        | Noticed a shard shrike
  2155 | D        | Noticed a shard shrike
  2155 | D        | Noticed a golden dragon
  2155 | D        | Noticed a shadow dragon
  2155 | D        | an acid blob changed into a shadow dragon
  2155 | D        | Noticed a juggernaut
  2155 | D        | a glowing shapeshifter changed into a juggernaut
  2155 | D        | Noticed a juggernaut
  2155 | D        | a shard shrike changed into a juggernaut
  2155 | D        | Noticed a juggernaut
  2155 | D        | a shard shrike changed into a juggernaut
  2156 | D        | Noticed a juggernaut
  2156 | D        | a titan changed into a juggernaut
  2156 | D        | Noticed a shard shrike
  2156 | D        | a titan changed into a shard shrike
  2156 | D        | Noticed a titan
  2156 | D        | a juggernaut changed into a titan
  2157 | D        | Noticed an acid blob
  2157 | D        | a shadow dragon changed into an acid blob
  2157 | D        | Noticed a shard shrike
  2157 | D        | a juggernaut changed into a shard shrike
  2157 | D        | Noticed a shard shrike
  2157 | D        | a juggernaut changed into a shard shrike
  2157 | D        | Noticed a juggernaut
  2157 | D        | a titan changed into a juggernaut
  2157 | D        | Noticed a juggernaut
  2157 | D        | a shard shrike changed into a juggernaut
  2158 | D        | Noticed a titan
  2158 | D        | Noticed a juggernaut
  2158 | D        | Noticed a juggernaut
  2158 | D        | a shard shrike changed into a juggernaut
  2158 | D        | Noticed a shard shrike
  2158 | D        | a juggernaut changed into a shard shrike
  2159 | D        | an acid blob changed into an iron dragon
  2159 | D        | Noticed a caustic shrike
  2159 | D        | a juggernaut changed into a caustic shrike
  2159 | D        | a golden dragon changed into an iron dragon
  2159 | D        | Noticed a juggernaut
  2159 | D        | a shard shrike changed into a juggernaut
  2160 | D        | Noticed an acid blob
  2160 | D        | a titan changed into an acid blob
  2160 | D        | Noticed a titan
  2160 | D        | a shard shrike changed into a titan
  2160 | D        | a caustic shrike changed into an iron dragon
  2160 | D        | Noticed a shadow dragon
  2160 | D        | an iron dragon changed into a shadow dragon
  2161 | D        | Noticed a caustic shrike
  2161 | D        | an acid blob changed into a caustic shrike
  2161 | D        | a shard shrike changed into an iron dragon
  2161 | D        | Noticed a shard shrike
  2161 | D        | a titan changed into a shard shrike
  2161 | D        | Noticed a titan
  2161 | D        | a shard shrike changed into a titan
  2163 | D        | Noticed an iron giant
  2163 | D        | an iron dragon changed into an iron giant
  2163 | D        | Noticed an iron giant
  2163 | D        | an iron dragon changed into an iron giant
  2163 | D        | Noticed a titan
  2163 | D        | a shadow dragon changed into a titan
  2163 | D        | a juggernaut changed into an iron dragon
  2163 | D        | a titan changed into an iron dragon
  2164 | D        | an iron giant changed into an iron dragon
  2164 | D        | Noticed an iron giant
  2164 | D        | a juggernaut changed into an iron giant
  2164 | D        | Noticed an iron giant
  2164 | D        | an iron dragon changed into an iron giant
  2166 | D        | Noticed a juggernaut
  2166 | D        | an iron giant changed into a juggernaut
  2166 | D        | Noticed a juggernaut
  2166 | D        | a shard shrike changed into a juggernaut
  2166 | D        | Noticed a titan
  2166 | D        | a juggernaut changed into a titan
  2166 | D        | Noticed a shard shrike
  2166 | D        | a titan changed into a shard shrike
  2166 | D        | Noticed an iron giant
  2166 | D        | a juggernaut changed into an iron giant
  2168 | D        | Noticed a quicksilver dragon
  2168 | D        | a caustic shrike changed into a quicksilver dragon
  2168 | D        | Noticed a titan
  2168 | D        | a juggernaut changed into a titan
  2168 | D        | Noticed a shadow dragon
  2168 | D        | an iron dragon changed into a shadow dragon
  2168 | D        | Noticed a caustic shrike
  2168 | D        | an iron giant changed into a caustic shrike
  2169 | D        | Noticed a golden dragon
  2169 | D        | a shadow dragon changed into a golden dragon
  2170 | D        | Noticed an acid blob
  2170 | D        | an iron giant changed into an acid blob
  2170 | D        | Noticed a shard shrike
  2170 | D        | a titan changed into a shard shrike
  2170 | D        | Noticed a juggernaut
  2170 | D        | a shard shrike changed into a juggernaut
  2170 | D        | Noticed a titan
  2170 | D        | a juggernaut changed into a titan
  2170 | D        | Noticed a caustic shrike
  2170 | D        | an iron giant changed into a caustic shrike
  2171 | D        | Noticed a sphinx
  2171 | D        | a quicksilver dragon changed into a sphinx
  2171 | D        | Noticed an iron giant
  2171 | D        | an iron dragon changed into an iron giant
  2171 | D        | Noticed an iron giant
  2171 | D        | a golden dragon changed into an iron giant
  2172 | D        | Noticed an iron giant
  2172 | D        | a caustic shrike changed into an iron giant
  2174 | D        | Noticed a caustic shrike
  2174 | D        | an iron giant changed into a caustic shrike
  2174 | D        | a juggernaut changed into an iron dragon
  2174 | D        | Noticed a caustic shrike
  2174 | D        | a titan changed into a caustic shrike
  2177 | D        | Noticed a golden dragon
  2177 | D        | an iron dragon changed into a golden dragon
  2177 | D        | Noticed a titan
  2177 | D        | a shard shrike changed into a titan
  2177 | D        | Noticed an acid blob
  2177 | D        | an iron giant changed into an acid blob
  2177 | D        | a caustic shrike changed into an iron dragon
  2177 | D        | Noticed an acid blob
  2177 | D        | a caustic shrike changed into an acid blob
  2178 | D        | Killed a sphinx
  2179 | D        | a caustic shrike changed into an iron dragon
  2183 | D        | Killed a titan
  2183 | D        | a golden dragon changed into an alligator snapping turtle
  2183 | D        | Noticed a shadow dragon
  2183 | D        | an iron dragon changed into a shadow dragon
  2183 | D        | Annihilated by an iron giant (glowing shapeshifter)

Skill      XL: |  1  2  3  4  5  6  7  8  9 10 11 12 13 14 15 16 |
---------------+-------------------------------------------------+-----
Armour         | 6 7 10 16 19 20 22 27 | 27.0
Shields        | 6 7 8 9 10 12 15 16 18 | 18.5
Fighting       | 4 5 6 8 9 10 13 18 22 26 27 | 27.0
Long Blades    | 4 7 9 11 14 16 | 16.2
Invocations    | 4 6 7 8 10 12 13 14 15 | 15.1
Dodging        | 8 10 11 | 11.9
Spellcasting   | 3 6 |  6.5
Evocations     | 5 9 |  9.9

Action                   |  1- 3 |  4- 6 |  7- 9 | 10-12 | 13-15 | 16-18 || total
-------------------------+-------+-------+-------+-------+-------+-------++-------
Melee: Double sword      |     4 |    19 |    70 |       |    74 |    21 ||   188
       Eudemon blade     |       |       |       |   202 |   148 |    12 ||   362
       Falchion          |       |       |       |     6 |       |       ||     6
       Scimitar          |       |       |       |       |     2 |       ||     2
Invok: Divine Shield     |       |       |     2 |     7 |     8 |     1 ||    18
       Cleansing Flame   |       |       |     1 |     4 |    17 |     5 ||    27
       Summon Divine War |       |       |       |     3 |     3 |     2 ||     8
       Brand Weapon With |       |       |       |     1 |       |       ||     1
 Abil: Heal Wounds       |       |       |     3 |    14 |    14 |     2 ||    33
Evoke: Wand              |       |       |       |     8 |       |       ||     8
       Box of beasts     |       |       |       |       |       |     1 ||     1
  Use: Potion            |     1 |       |     2 |     3 |     4 |     5 ||    15
       Scroll            |       |       |       |       |     8 |       ||     8
  Eat: Chunk             |       |       |       |     2 |     6 |       ||     8
       Royal jelly       |       |       |       |       |     3 |       ||     3
Armor: Gold dragon scale |     3 |    12 |    22 |    75 |   164 |    17 ||   293
Dodge: Dodged            |       |       |       |    11 |    50 |     5 ||    66
Block: Shield            |     2 |    32 |   145 |   355 |   543 |    96 ||  1173
       Rpst.: Eudemon blade |       |       |       |     1 |     4 |       ||     5
       Double sword      |       |       |       |       |     1 |       ||     1
